 Dungeon Crawl Stone Soup version 0.25-a0-435-g4b9beb1024 (webtiles) character file.

Game seed: 718151163306339214, levelgen mode: deterministic

17 FRZBLD the Digger (level 2, -1/16 HPs)
             Began as a Gargoyle Earth Elementalist on Jan 29, 2020.
             Slain by an ogre
             ... wielding a +0 giant club
              (14 damage)
             ... on level 4 of the Dungeon.
             The game lasted 00:11:31 (1188 turns).

FRZBLD the Digger (Gargoyle Earth Elementalist)     Turns: 1188, Time: 00:11:32

Health: -1/16      AC:  4    Str: 11    XL:     2   Next: 62%
Magic:  0/5        EV: 12    Int: 15    God:
Gold:   23         SH:  0    Dex: 10    Spells: 4/5 levels left

rFire    . . .     SeeInvis .   h - +0 whip
rCold    + . .     Gourm    .   (no shield)
rNeg     + . .     Faith    .   c - +0 robe
rPois    ∞         Spirit   .   (no helmet)
rElec    +         Reflect  .   (no cloak)
rCorr    .         Harm     .   (no gloves)
MR       .....                  (no boots)
Stlth    ++........             (no amulet)
HPRegen  0.05/turn              e - ring of protection from cold
MPRegen  0.09/turn              (no ring)

@: very slightly contaminated
A: negative energy resistance 1, electricity resistance, unbreathing,
petrification resistance, rot immunity, AC +2
a: no special abilities


You were on level 4 of the Dungeon.
You were very hungry.

You visited 1 branch of the dungeon, and saw 3 of its levels.

You collected 23 gold pieces.

Inventory:

Hand Weapons
 h - a +0 whip (weapon)
Missiles
 b - 58 stones (quivered)
Armour
 c - a +0 robe (worn)
 m - a +0 chain mail
 n - a +0 buckler
Jewellery
 e - a ring of protection from cold (left hand)
Potions
 f - a potion of degeneration {unknown}
 g - 2 potions of might {unknown}
 i - a potion of curing {unknown}
 l - a potion of invisibility {unknown}
Comestibles
 d - 2 rations


   Skills:
 * Level 0.4 Fighting
 * Level 0.2 Maces & Flails
 * Level 0.5 Armour
 - Level 1.5 Dodging
 - Level 2.2 Stealth
 * Level 2.2 Spellcasting
   Level 0.7 Transmutations
 * Level 4.1 Earth Magic


You had 4 spell levels left.
You knew the following spells:

 Your Spells              Type           Power        Failure   Level  Hunger
a - Sandblast             Erth           ##....       4%          1    #......

Your spell library contained the following spells:

 Spells                   Type           Power        Failure   Level  Hunger
 Passwall                 Tmut/Erth      #.......     12%         2    ###....
 Stone Arrow              Conj/Erth      #.....       28%         3    ###....
 Petrify                  Tmut/Erth      #.......     61%         4    #####..
 Lee's Rapid Deconstruct  Erth           ##........   73%         5    ######.


Dungeon Overview and Level Annotations

Branches:
Dungeon (2/15)

Altars:


Innate Abilities, Weirdness & Mutations

You are resistant to torment.
Your stone body is resilient. (AC +2)
You are immune to poison.
You resist negative energy. (rN+)
You are resistant to electric shocks. (rElec)
You can survive without breathing.
You are immune to petrification.
You are immune to rotting.


Message History

Casting: Sandblast (safe; 4% risk of failure)
Confirm with . or Enter, or press ? or * to list all spells.
Aiming: Sandblast (safe; 4% risk of failure)
Press: ? - help, Shift-Dir - straight line, f/p - ogre
Aim: an ogre, wielding a +0 giant club (moderately wounded)
The blast of sand hits the ogre!
The ogre is severely wounded.
b - 58 stones The ogre closely misses you.
Casting: Sandblast (safe; 4% risk of failure)
Confirm with . or Enter, or press ? or * to list all spells.
Aiming: Sandblast (safe; 4% risk of failure)
Press: ? - help, Shift-Dir - straight line, f/p - ogre
Aim: an ogre, wielding a +0 giant club (severely wounded)
You miscast Sandblast.
You are very lightly contaminated with residual magic.
Nothing appears to happen.
The ogre closely misses you. The ogre hits you with a +0 giant club!
Ouch! That really hurt!
You die...

###.##.#
#.##.# #O##.#
#.##O# #.##.#
#.##.#
########.#..#
#.O......#.##
#@########.
#O# #. ... #.
<..## #.
#.#Z. #.#.#
#.... # #.#


You could see 2 ogres and an adder skeleton.

Vanquished Creatures
  A dart slug (D:1)
  3 hobgoblins
  A quokka (D:4)
  A ball python (D:1)
  3 frilled lizards
  4 kobolds (D:1)
  4 rats
17 creatures vanquished.

Notes
Turn   | Place    | Note
-------+----------+-------------------------------------------
     0 | D:1      | FRZBLD the Gargoyle Earth Elementalist began the quest for
                  | the Orb.
     0 | D:1      | Reached XP level 1. HP: 10/10 MP: 3/3
   370 | D:1      | Reached XP level 2. HP: 4/15 MP: 1/5
   593 | D:1      | Reached skill level 4 in Earth Magic
  1147 | D:2      | You fall into a shaft and drop 2 floors!
  1148 | D:4      | Noticed an ogre
  1179 | D:4      | Noticed an ogre
  1188 | D:4      | Slain by an ogre

Levels and vault maps discovered:
D:1:      matt_arrival_grand_opening, layout_loops_ring
D:2:      layout_loops_ring, fedhas_ov_isle_minmay, first_ration,
          chequers_serial_rivers_small_a, nemelex_dance_club_becter
D:4:      layout_basic, kennysheep_mini, okawaru_ov_weapons_minmay,
          nemelex_spade_bored_becter

Skill      XL: |  1  2 |
---------------+-------+-----
Earth Magic    | 4 |  4.1
Fighting       | |  0.4
Maces & Flails | |  0.2
Armour         | |  0.5
Dodging        | |  1.5
Stealth        | |  2.2
Spellcasting   | |  2.2
Transmutations | |  0.7

Action                   || total
-------------------------++-------
Melee: Dagger            ||     8
       Whip              ||    20
       Unarmed           ||     3
 Cast: Sandblast         ||    17
  Use: Scroll            ||     3
 Stab: Sleeping          ||     1
Armor: Robe              ||    10
Dodge: Dodged            ||    23

Table legend:
 A = Non-vault XP
 B = Vault XP
 C = Vault XP percentage of total XP
 D = Non-vault monster count
 E = Vault monster count
 F = Vault count percentage of total count
                 A         B        C        D         E       F
            +---------+---------+-------+---------+---------+-------
      Total |      25 |       0 |   0.0 |      17 |       0 |   0.0
            +---------+---------+-------+---------+---------+-------
        D:1 |      18 |       0 |   0.0 |      12 |       0 |   0.0
        D:2 |       5 |       0 |   0.0 |       4 |       0 |   0.0
        D:4 |       2 |       0 |   0.0 |       1 |       0 |   0.0
            +---------+---------+-------+---------+---------+-------
